 Dungeon Crawl Stone Soup version 0.23.1 (webtiles) character file.

Game seed: 6128605466993686626

247 FunkyPutin the Cudgeler (level 6, -8/38 HPs)
             Began as a Gargoyle Fighter on Mar 8, 2019.
             Mangled by an ogre zombie
             ... wielding a +0 giant spiked club of venom
              (17 damage)
             ... on level 4 of the Dungeon.
             The game lasted 00:07:16 (3906 turns).

FunkyPutin the Cudgeler (Gargoyle Fighter)          Turns: 3906, Time: 00:07:17

Health: -8/38      AC: 11    Str: 21    XL:     6   Next: 11%
Magic:  15/15      EV:  7    Int:  9    God:
Gold:   198        SH:  9    Dex:  9    Spells: 5/5 levels left

rFire    x . .     SeeInvis .   a - +0 flail
rCold    + . .     Gourm    .   c - +0 shield
rNeg     + . .     Faith    .   b - +0 scale mail
rPois    ∞         Spirit   .   (no helmet)
rElec    +         Reflect  .   (no cloak)
rCorr    .         Harm     .   (no gloves)
MR       .....                  (no boots)
Stlth    ..........             (no amulet)
HPRegen  0.12/turn              i - ring of ice
MPRegen  0.14/turn              j - ring of magical power

@: no status effects
A: negative energy resistance 1, electricity resistance, unbreathing,
petrification resistance, rot immunity, AC +4
a: no special abilities


You were on level 4 of the Dungeon.
You were not hungry.

You visited 1 branch of the dungeon, and saw 4 of its levels.

You collected 198 gold pieces.

Inventory:

Hand Weapons
 a - a +0 flail (weapon)
Armour
 b - a +0 scale mail (worn)
 c - a +0 shield (worn)
Jewellery
 i - a ring of ice (left hand)
 j - a ring of magical power (right hand)
 l - an uncursed ring of protection from fire {unknown}
Wands
 r - a wand of disintegration (14)
Scrolls
 e - 4 scrolls of identify
 m - a scroll of amnesia
 n - a scroll of enchant weapon {unknown}
 o - 2 scrolls of magic mapping
 p - a scroll of fog
 q - a scroll of remove curse
Potions
 d - 3 potions of might
 g - 3 potions of curing
 h - a potion of haste
 k - a potion of degeneration
 s - 2 potions of lignification {unknown}
 t - a potion of resistance
Comestibles
 f - 7 rations


   Skills:
 + Level 4.1 Fighting
 * Level 4.5 Maces & Flails
 + Level 4.1 Armour
 + Level 4.4 Shields


You had 5 spell levels left.
You didn't know any spells.
Your spell library was empty.

Dungeon Overview and Level Annotations

Branches:
Dungeon (4/15)
 Temple: D:4-7

Altars:
Elyvilon
Fedhas
Gozag
Okawaru
Trog
Uskayaw
Yredelemnul
Zin

Annotations:
D:4 1 transporter


Innate Abilities, Weirdness & Mutations

You are resistant to torment.
Your stone body is resilient. (AC +4)
You are immune to poison.
You resist negative energy. (rN+)
You are resistant to electric shocks. (rElec)
You can survive without breathing.
You are immune to petrification.
You are immune to rotting.


Message History

There is a transporter here.
You enter the transporter and appear at another place.
t - a potion of resistance You open the gate.
You sock the orc warrior zombie!
The orc warrior zombie is heavily damaged.
You block the orc warrior zombie's attack.
You sock the orc warrior zombie!
The orc warrior zombie is almost destroyed.
You block the orc warrior zombie's attack.
The gnoll sergeant zombie closely misses you.
You sock the orc warrior zombie!
You destroy the orc warrior zombie!
The ogre zombie hits you with a +0 giant spiked club of venom!
The ogre zombie hits you with a +0 giant club of venom!!
Ouch! That really hurt!
* * * LOW HITPOINT WARNING * * *
You block the gnoll sergeant zombie's attack.
The ogre zombie hits you with a +0 giant spiked club of venom!
You die...

####.# ######## #...........#
.....############ ##..........#
#######.........######..........#
###.....#######...÷.............#
....#####○☼.°○########..#########
...## #○°☼☼○#○○☼○☼○#...# ...#
####☼○○☼.#°○°☼○☼#...#
...###..#$$.○○☼.#.#.○#...##
..###..©#©=.°○ZZ@.©☼○#©...#######
..###...#)$.°○°Z#.#○○#...........
......###°☼☼○.#☼○☼○°☼#........###
....### #○☼○☼.#○○○○☼○#.#..###.#
....# #°°☼.°########.#.####'###
....# ###### #.#..##..... ....##
#.##.##..... .....#
########.##..#(.... ##...#
#........###.#.....


You could see a gnoll sergeant zombie and 2 ogre zombies.

Vanquished Creatures
  An iguana (D:4)
  2 worker ants (D:4)
  4 adders
  An orc zombie (D:4)
  2 oozes
  An adder skeleton (D:4)
  4 worms
  2 dart slugs (D:2)
  6 leopard geckos
  7 orcs (D:3)
  4 giant cockroaches
  2 gnoll zombies (D:3)
  6 hobgoblins
  7 jackals
  8 kobolds
  2 quokkas
  12 bats
  3 frilled lizards
  4 goblins
  2 quokka skeletons (D:4)
  13 rats
93 creatures vanquished.

Notes
Turn   | Place    | Note
-------+----------+-------------------------------------------
     0 | D:1      | FunkyPutin the Gargoyle Fighter began the quest for the
                  | Orb.
     0 | D:1      | Reached XP level 1. HP: 14/14 MP: 1/1
   101 | D:1      | Reached XP level 2. HP: 16/19 MP: 2/2
   493 | D:1      | Reached XP level 3. HP: 21/24 MP: 3/3
   710 | D:2      | Found an opulent altar of Gozag.
  1088 | D:2      | Found a white marble altar of Elyvilon.
  1091 | D:2      | Found a blossoming altar of Fedhas.
  1094 | D:2      | Found a hide-covered altar of Uskayaw.
  1356 | D:2      | Reached XP level 4. HP: 13/29 MP: 4/4
  2453 | D:3      | Reached XP level 5. HP: 25/33 MP: 5/5
  2559 | D:3      | Found a bloodstained altar of Trog.
  2860 | D:3      | Found a basalt altar of Yredelemnul.
  3406 | D:4      | Found a transporter.
  3472 | D:4      | Found a transporter.
  3640 | D:4      | Found an iron altar of Okawaru.
  3724 | D:4      | Found a glowing silver altar of Zin.
  3792 | D:4      | Reached XP level 6. HP: 36/38 MP: 6/6
  3906 | D:4      | Mangled by an ogre zombie

Skill      XL: |  1  2  3  4  5 |
---------------+----------------+-----
Maces & Flails | 3 4 |  4.5
Armour         | 4 |  4.1
Shields        | 4 |  4.4
Fighting       | 4 |  4.1

Action                   |  1- 3 |  4- 6 || total
-------------------------+-------+-------++-------
Melee: Flail             |   188 |   228 ||   416
  Use: Scroll            |       |     8 ||     8
  Eat: Chunk             |     2 |     5 ||     7
       Ration            |       |     1 ||     1
Armor: Scale mail        |   139 |   118 ||   257
Dodge: Dodged            |    79 |    79 ||   158
Block: Shield            |   140 |   147 ||   287
